 Dungeon Crawl Stone Soup version 0.31-a0-180-g519b7de00c (webtiles) character file.

Game seed: 18298199396936091993

282 qw the Shooter (level 6, -1/57 HPs)
             Began as a Naga Hunter on June 20, 2023.
             Was an Initiate of Okawaru.
             Slain by a sky beast (4 damage)
             ... on level 5 of the Dungeon.
             The game lasted 00:01:17 (3687 turns).

qw the Shooter (Naga Hunter)                        Turns: 3687, Time: 00:01:18

Health: -1/57      AC:  3    Str: 13    XL:     6   Next: 28%
Magic:  6/6        EV:  9    Int: 10    God:    Okawaru [......]
Gold:   214        SH:  0    Dex: 16    Spells: 5/5 levels left

rFire   . . .        Y - +0 orcbow
rCold   . . .        (shield currently unavailable)
rNeg    . . .        c - +0 leather armour
rPois   +            (no helmet)
rElec   .            (no cloak)
rCorr   .            (no gloves)
SInv    +            (no barding)
Will    .....        (no amulet)
Stlth   ++           (no ring)
HPRegen 0.29/turn    (no ring)
MPRegen 0.10/turn

%: no passive effects
@: about to teleport, short of breath, very slow
A: AC +2, large, see invisible, deformed body, poison resistance, slowness 2,
spit poison 1, naga tail 1
a: Spit Poison, Renounce Religion


You were on level 5 of the Dungeon.
You worshipped Okawaru.
Okawaru was noncommittal.
You visited 2 branches of the dungeon, and saw 6 of its levels.

You collected 214 gold pieces.


Innate Abilities, Weirdness & Mutations

Your serpentine skin is tough. (AC +2)
You have supernaturally acute eyesight. (SInv)
Armour fits poorly on your strangely shaped body.
Your system is resistant to poisons. (rPois)
You cover ground very slowly.
You can spit poison.
You have a snake-like lower body.


   Skills:
 + Level 3.8 Fighting
 - Level 6.0 Ranged Weapons
 - Level 1.5 Dodging
 - Level 1.5 Stealth


You had 5 spell levels left.
You didn't know any spells.
Your spell library was empty.

Inventory:

Hand Weapons
 Y - a +0 orcbow (weapon)
Armour
 c - a +0 leather armour (worn)
Scrolls
 e - 3 scrolls of teleportation
 h - a scroll of identify
Potions
 a - a potion of might
 b - 2 potions of curing
 d - 2 potions of haste
 f - a potion of invisibility {unknown}
 g - a potion of berserk rage {unknown}
 k - a potion of resistance {unknown}

Dungeon Overview and Level Annotations

Branches:
Dungeon (5/15)             Temple (1/1) D:5

Altars:
Cheibriados
Dithmenos
Gozag
Hepliaklqana
Kikubaaqudgha
Nemelex Xobeh
Okawaru
Qazlal
Ru
Sif Muna
Trog
Uskayaw
Vehumet
Wu Jian
Xom
Yredelemnul


Message History

Press: ? - help, Shift-Dir - straight line, f - sky beast The splash of poison misses the sky beast.
The sky beast hits you. The sky beast shocks you.
You shoot an arrow. The arrow closely misses the sky beast.
The sky beast hits you. The sky beast shocks you.
You shoot an arrow. The arrow closely misses the sky beast.
The sky beast hits you but does no damage.
The sky beast hits you. The sky beast shocks you.
You shoot an arrow.
The arrow hits the sky beast but does no damage.
The sky beast barely misses you.
You shoot an arrow. The arrow closely misses the sky beast.
You have got your breath back.
The sky beast hits you. The sky beast shocks you.
3682 ||| INVOKING Spit Poison.
Aiming: Spit Poison (1% risk of failure)
Press: ? - help, Shift-Dir - straight line, f/p - sky beast The splash of poison hits the sky beast.
The sky beast is poisoned.
The sky beast is lightly wounded.
The sky beast hits you but does no damage.
You shoot an arrow. The arrow closely misses the sky beast.
The sky beast hits you. The sky beast shocks you.
You shoot an arrow. The arrow closely misses the sky beast.
The sky beast misses you. The sky beast hits you. The sky beast shocks you.
3685 ||| READING 4 scrolls of teleportation.
As you read the scroll of teleportation, it crumbles to dust.
You feel strangely unstable.
You have got your breath back.
The sky beast hits you. The sky beast shocks you.
3686 ||| INVOKING Spit Poison.
Aiming: Spit Poison (1% risk of failure)
Press: ? - help, Shift-Dir - straight line, f/p - sky beast The splash of poison hits the sky beast.
The sky beast looks even sicker.
The sky beast is moderately wounded.
The sky beast closely misses you.
You shoot an arrow. The arrow misses the sky beast.
The sky beast hits you.
You die...

.....#..........#..#..###..#.
...#............#...##...
....
...###...........#....###.. .
. ...# #...........#####..#
#. ...###...........## ...
..................## ##
#..#...............#
#..#.####....#.#...#
#..#.###.....#.#@###
......#..#...#.#.Y...#
........#....#.#####.#
.....%##..####..# ....#.#..##
##.# ........#### #.#
....#......# #.##
.........#.## #..##
#.###..#.#..####..# .


You could see a sky beast (very poisoned).

Vanquished Creatures
  A jelly (D:5)
  A hound (D:2)
  Jessica (D:3)
  An iguana (D:4)
  A sleepcap (D:4)
  6 adders
  A white imp (D:5)
  A worm (D:2)
  A dart slug (D:1)
  6 orcs
  8 ball pythons
  4 endoplasms
  2 giant cockroaches (D:1)
  8 hobgoblins
  4 jackals (D:3)
  4 quokkas
  5 bats
  5 frilled lizards
  10 goblins
  7 kobolds
  A rat (D:3)
78 creatures vanquished.

Notes
Turn   | Place    | Note
-------+----------+-------------------------------------------
     0 | D:1      | qw the Naga Hunter began the quest for the Orb.
     0 | D:1      | Reached XP level 1. HP: 19/19 MP: 1/1
     0 | D:1      | 0 ||| qw: Version: 0.3-a-9-g12657ce
     0 | D:1      | 0 ||| qw: Game counter: 1170
     0 | D:1      | 0 ||| qw: Always use a shield: true
     0 | D:1      | 0 ||| qw: God list: Okawaru
     0 | D:1      | 0 ||| qw: Allow faded altars: false
     0 | D:1      | 0 ||| qw: Do Orc after D:15 true
     0 | D:1      | 0 ||| qw: Do second Lair branch before Depths: true
     0 | D:1      | 0 ||| qw: Lair rune preference: random
     0 | D:1      | 0 ||| qw: Plans: Normal
     0 | D:1      | 0 ||| PLANNING D:1-11
    25 | D:1      | 25 ||| INVOKING Spit Poison.
    34 | D:1      | 34 ||| INVOKING Spit Poison.
    46 | D:1      | 46 ||| INVOKING Spit Poison.
    52 | D:1      | 52 ||| INVOKING Spit Poison.
    90 | D:1      | Reached skill level 4 in Ranged Weapons
    90 | D:1      | Reached XP level 2. HP: 26/26 MP: 2/2
    90 | D:1      | 90 ||| INVOKING Spit Poison.
    95 | D:1      | 95 ||| INVOKING Spit Poison.
   103 | D:1      | 103 ||| INVOKING Spit Poison.
   123 | D:1      | 123 ||| INVOKING Spit Poison.
   126 | D:1      | 126 ||| INVOKING Spit Poison.
   131 | D:1      | 131 ||| INVOKING Spit Poison.
   161 | D:1      | 161 ||| INVOKING Spit Poison.
   164 | D:1      | 164 ||| INVOKING Spit Poison.
   244 | D:1      | 244 ||| INVOKING Spit Poison.
   250 | D:1      | 250 ||| INVOKING Spit Poison.
   506 | D:1      | Reached XP level 3. HP: 32/32 MP: 3/3
   546 | D:1      | 546 ||| INVOKING Spit Poison.
   547 | D:1      | 547 ||| INVOKING Spit Poison.
   552 | D:1      | 552 ||| INVOKING Spit Poison.
   594 | D:1      | 594 ||| INVOKING Spit Poison.
   710 | D:1      | 710 ||| INVOKING Spit Poison.
   742 | D:1      | 742 ||| DROPPING scroll of butterflies.
   793 | D:2      | 793 ||| INVOKING Spit Poison.
   824 | D:2      | 824 ||| INVOKING Spit Poison.
   848 | D:2      | 848 ||| INVOKING Spit Poison.
   884 | D:2      | 884 ||| INVOKING Spit Poison.
   937 | D:2      | 937 ||| INVOKING Spit Poison.
  1073 | D:2      | 1073 ||| INVOKING Spit Poison.
  1079 | D:2      | 1079 ||| INVOKING Spit Poison.
  1084 | D:2      | Reached skill level 5 in Ranged Weapons
  1084 | D:2      | Reached XP level 4. HP: 16/39 MP: 4/4
  1338 | D:2      | 1338 ||| INVOKING Spit Poison.
  1539 | D:2      | 1539 ||| INVOKING Spit Poison.
  1610 | D:2      | 1610 ||| READING scroll labelled URPHINWICIM.
  1611 | D:2      | 1611 ||| READING scroll labelled EHYN ORUIRCHAY.
  1612 | D:2      | 1612 ||| READING scroll labelled YBU ROFFAPUE.
  1613 | D:2      | 1613 ||| READING scroll labelled GIVVUVVIXUA.
  1659 | D:3      | 1659 ||| PLANNING SEWER
  1702 | D:3      | Noticed Jessica
  1703 | D:3      | 1703 ||| INVOKING Spit Poison.
  1704 | D:3      | Killed Jessica
  1705 | D:3      | Reached XP level 5. HP: 48/48 MP: 5/5
  1822 | D:3      | Found a faded altar of an unknown god.
  1857 | D:3      | 1857 ||| INVOKING Spit Poison.
  1861 | D:3      | 1861 ||| INVOKING Spit Poison.
  1953 | D:3      | 1953 ||| INVOKING Spit Poison.
  1954 | D:3      | Reached skill level 3 in Fighting
  1963 | D:3      | 1963 ||| INVOKING Spit Poison.
  1967 | D:3      | 1967 ||| INVOKING Spit Poison.
  1991 | D:3      | 1991 ||| SWAPPING to +0 orcbow.
  1992 | D:3      | 1992 ||| DROPPING +1 shortbow.
  1997 | D:3      | 1997 ||| INVOKING Spit Poison.
  2000 | D:3      | 2000 ||| INVOKING Spit Poison.
  2009 | D:3      | 2009 ||| INVOKING Spit Poison.
  2012 | D:3      | 2012 ||| INVOKING Spit Poison.
  2018 | D:3      | 2018 ||| INVOKING Spit Poison.
  2021 | D:3      | 2021 ||| INVOKING Spit Poison.
  2060 | D:3      | 2060 ||| INVOKING Spit Poison.
  2104 | D:3      | 2104 ||| INVOKING Spit Poison.
  2145 | D:3      | 2145 ||| INVOKING Spit Poison.
  2149 | D:3      | 2149 ||| INVOKING Spit Poison.
  2168 | D:3      | 2168 ||| RIP SEWER
  2180 | D:3      | 2180 ||| PLANNING D:1-11
  2181 | D:3      | 2181 ||| INVOKING Spit Poison.
  2260 | D:3      | 2260 ||| READING scroll labelled YWEKIY XALUF.
  2261 | D:3      | 2261 ||| READING 3 scrolls labelled VITUUSTR ATRAPA.
  2262 | D:3      | 2262 ||| READING scroll labelled BANESA SOMAJEA.
  2263 | D:3      | 2263 ||| DROPPING 2 scrolls of poison.
  2298 | D:4      | 2298 ||| INVOKING Spit Poison.
  2303 | D:4      | 2303 ||| INVOKING Spit Poison.
  2306 | D:4      | 2306 ||| INVOKING Spit Poison.
  2467 | D:4      | 2467 ||| INVOKING Spit Poison.
  2563 | D:4      | 2563 ||| INVOKING Spit Poison.
  2612 | D:4      | 2612 ||| INVOKING Spit Poison.
  2616 | D:4      | 2616 ||| INVOKING Spit Poison.
  2739 | D:4      | 2739 ||| INVOKING Spit Poison.
  2745 | D:4      | 2745 ||| INVOKING Spit Poison.
  2909 | D:4      | Reached skill level 6 in Ranged Weapons
  2920 | D:4      | 2920 ||| INVOKING Spit Poison.
  2925 | D:4      | 2925 ||| INVOKING Spit Poison.
  2928 | D:4      | 2928 ||| INVOKING Spit Poison.
  2929 | D:4      | 2929 ||| Stepping ~*~*~tactically~*~*~ (outnumbered).
  2931 | D:4      | 2931 ||| INVOKING Spit Poison.
  2933 | D:4      | Reached XP level 6. HP: 45/56 MP: 6/6
  2934 | D:4      | 2934 ||| INVOKING Spit Poison.
  3100 | D:4      | 3100 ||| INVOKING Spit Poison.
  3158 | D:4      | 3158 ||| READING scroll labelled WICZAT MISUNN.
  3259 | D:4      | 3259 ||| READING scroll labelled GUUZ CITEAGUB.
  3260 | D:4      | 3260 ||| DRINKING 2 amethyst potions.
  3280 | D:5      | Entered Level 5 of the Dungeon
  3287 | D:5      | 3287 ||| INVOKING Spit Poison.
  3325 | D:5      | 3325 ||| INVOKING Spit Poison.
  3331 | D:5      | 3331 ||| INVOKING Spit Poison.
  3365 | D:5      | Found a staircase to the Ecumenical Temple.
  3367 | D:5      | 3367 ||| PLANNING TEMPLE
  3367 | D:5      | 3367 ||| READING 2 scrolls of identify.
  3367 | D:5      | 3367 ||| IDENTIFYING grey potion
  3391 | Temple   | Entered the Ecumenical Temple
  3496 | Temple   | 3496 ||| PLANNING OKAWARU WORSHIP
  3592 | Temple   | Became a worshipper of Warmaster Okawaru
  3593 | Temple   | 3593 ||| PLANNING D:1-11
  3676 | D:5      | Noticed a sky beast
  3677 | D:5      | 3677 ||| INVOKING Spit Poison.
  3682 | D:5      | 3682 ||| INVOKING Spit Poison.
  3684 | D:5      | HP: 10/57 [sky beast (6)]
  3685 | D:5      | 3685 ||| READING 4 scrolls of teleportation.
  3685 | D:5      | HP: 3/57 [sky beast (6)]
  3686 | D:5      | 3686 ||| INVOKING Spit Poison.
  3687 | D:5      | Slain by a sky beast

Levels and vault maps discovered:
D:1:      eino_arrival_water_cross, layout_basic, minmay_misc_feat_x
D:2:      layout_loops_corners
D:3:      layout_basic, portal_sewer_entry_d, nicolae_ecumenical_pavilion,
          guppyfry_early_lair_pool, uniq_jessica
D:4:      layout_gridville
D:5:      layout_rooms, lemuel_tele_altar,
          grunt_temple_overflow_order_and_chaos_2,
          minmay_temple_entry_steel_oval
Temple:   nicolae_temple_slightly_damp_pantheon

Skill      XL: |  1  2  3  4  5 |
---------------+----------------+-----
Ranged Weapons | 4 5 6 |  6.0
Fighting       | 3 |  3.8
Dodging        | |  1.5
Stealth        | |  1.5

Action                     |  1- 3 |  4- 6 || total
---------------------------+-------+-------++-------
   Fire: Shortbow          |    80 |    15 ||    95
         Orcbow            |       |    89 ||    89
Ability: Spit Poison       |    25 |    40 ||    65
    Use: Scroll            |       |    11 ||    11
         Potion            |       |     1 ||     1
 Armour: Leather armour    |    11 |    17 ||    28
  Dodge: Dodged            |    26 |    35 ||    61

Table legend:
 A = Non-vault XP
 B = Vault XP
 C = Vault XP percentage of total XP
 D = Non-vault monster count
 E = Vault monster count
 F = Vault count percentage of total count
                 A         B        C        D         E       F
            +---------+---------+-------+---------+---------+-------
      Total |     354 |      50 |  12.4 |      76 |       2 |   2.6
            +---------+---------+-------+---------+---------+-------
        D:1 |      50 |       0 |   0.0 |      30 |       0 |   0.0
        D:2 |      82 |       0 |   0.0 |      11 |       0 |   0.0
        D:3 |      26 |      50 |  65.8 |      14 |       2 |  12.5
        D:4 |     116 |       0 |   0.0 |      17 |       0 |   0.0
        D:5 |      80 |       0 |   0.0 |       4 |       0 |   0.0
            +---------+---------+-------+---------+---------+-------
